 Dungeon Crawl Stone Soup version 0.26.1-11-gd32895ea62 (webtiles) character file.

Game seed: 10018373282780894637

16424 OdinFK the Tainter (level 12, -3/109 HPs)
             Began as a Naga Venom Mage on Apr 29, 2021.
             Was a Priest of Cheibriados.
             Slain by Rupert
             ... wielding a +0 great mace of protection
              (32 damage)
             ... on level 14 of the Dungeon.
             The game lasted 01:05:27 (10668 turns).

OdinFK the Tainter (Naga Venom Mage)               Turns: 10668, Time: 01:05:28

Health: -3/109     AC: 13    Str: 21    XL:     12   Next: 37%
Magic:  10/25      EV: 10    Int: 27    God:    Cheibriados [***...]
Gold:   483        SH:  8    Dex: 19    Spells: 3/15 levels left

rFire    . . .     SeeInvis +   b - +3 dagger (elec)
rCold    . . .     Faith    .   s - +2 buckler
rNeg     . . .     Spirit   .   e - +0 acid dragon scales
rPois    +         Reflect  .   f - +2 helmet
rElec    .         Harm     .   (no cloak)
rCorr    +         Rampage  .   I - +2 pair of gloves
Will     +....                  (no barding)
Stlth    +++++.....             (no amulet)
HPRegen  0.28/turn              k - ring of magical power
MPRegen  0.19/turn              (no ring)

@: very slow
A: large, see invisible, deformed body, poison resistance, slowness 2, spit
poison 1, AC +4
a: Spit Poison, Renounce Religion, Bend Time, Temporal Distortion


You were on level 14 of the Dungeon.
You worshipped Cheibriados.
Cheibriados was most pleased with you.
You visited 2 branches of the dungeon, and saw 16 of its levels.

You collected 615 gold pieces.
You spent 132 gold pieces at shops.

Inventory:

Hand Weapons
 b - a +3 dagger of electrocution (weapon)
 v - a +2 long sword of flaming
 A - a cursed +5 flail
Missiles
 g - 34 poisoned darts
 K - 4 arrows
Armour
 a - a +0 robe
 e - +0 acid dragon scales (worn)
 f - a +2 helmet (worn)
 p - a +1 scale mail of cold resistance
 s - a +2 buckler (worn)
 I - a +2 pair of gloves (worn)
 J - the +1 robe of Gimeroum {rElec rPois Slay+2, unknown}
   (You found it on level 12 of the Dungeon)

   It affects your accuracy and damage with ranged weapons and melee attacks
   (+2).
   It insulates you from electricity.
   It protects you from poison.
Jewellery
 k - a ring of magical power (left hand)
Wands
 q - a wand of iceblast (23)
 D - a wand of enslavement (5)
Scrolls
 c - 2 scrolls of immolation
 i - 4 scrolls of identify
 j - a scroll of fog {unknown}
 m - 5 scrolls of amnesia
 r - 4 scrolls of enchant armour
 t - 2 scrolls of teleportation
 u - 7 scrolls of remove curse
 w - a scroll of enchant weapon
 x - 3 scrolls of blinking
 y - a scroll of magic mapping {unknown}
 F - a scroll of silence {unknown}
Potions
 d - 2 potions of attraction {unknown}
 h - a potion of lignification {unknown}
 l - 2 potions of curing {unknown}
 n - a potion of invisibility {unknown}
 o - a potion of mutation {unknown}
 z - a potion of brilliance {unknown}
 E - a potion of cancellation {unknown}
 H - a potion of degeneration {unknown}
Miscellaneous
 G - a phial of floods (inert)


   Skills:
 + Level 7.2 Fighting
 + Level 4.4 Short Blades
 - Level 2.0 Armour
 - Level 2.0 Dodging
 - Level 13.0 Stealth
 - Level 4.0 Shields
 - Level 2.0 Spellcasting
 - Level 4.0 Conjurations
 - Level 2.0 Transmutations
 - Level 2.0 Fire Magic
 + Level 4.9 Air Magic
 + Level 13.7 Poison Magic
 + Level 5.8 Invocations
 + Level 4.8 Evocations


You had 3 spell levels left.
You knew the following spells:

 Your Spells              Type           Power        Failure   Level
a - Ignite Poison         Fire/Tmut/Pois 34%          3%          3
b - Poisonous Vapours     Pois/Air       100%         1%          2
c - Mephitic Cloud        Conj/Pois/Air  43%          1%          3
d - Olgreb's Toxic Radia  Pois           67%          1%          4

Your spell library contained the following spells:

 Spells                   Type           Power        Failure   Level
 Shock                    Conj/Air       100%         1%          1
 Sting                    Tmut/Pois      100%         1%          1
 Magic Dart               Conj           96%          2%          1
 Swiftness                Air            29%          2%          2
 Searing Ray              Conj           48%          3%          2
 Static Discharge         Conj/Air       26%          6%          3
 Summon Small Mammal      Summ           8%           12%         1
 Dazzling Flash           Conj/Hex       26%          16%         3
 Call Imp                 Summ           2%           19%         2
 Call Canine Familiar     Summ           2%           36%         3
 Summon Guardian Golem    Hex/Summ       2%           36%         3
 Airstrike                Air            14%          17%         4
 Summon Lightning Spire   Summ/Air       15%          41%         4
 Fulminant Prism          Conj/Hex       6%           47%         4
 Iskenderun's Mystic Bla  Conj/Tloc      13%          47%         4
 Lightning Bolt           Conj/Air       13%          50%         5
 Summon Ice Beast         Ice/Summ       2%           77%         4


Dungeon Overview and Level Annotations

Branches:
Dungeon (15/15)            Temple (1/1) D:4            Lair (0/6) D:8
    Orc: D:9-12      Vaults: D:13-14     Depths: D:15

Altars:
Cheibriados
Elyvilon
Gozag
Hepliaklqana
Okawaru
Trog
Uskayaw
Vehumet
Xom
Yredelemnul

Shops:
D:4 (   D:9 *

Annotations:
D:6 2 transporters
D:9 3 runed translucent doors, urm's ghost, novice NaWz
D:13 1 runed translucent door, Frances
D:14 Rupert


Innate Abilities, Weirdness & Mutations

You cannot wear boots.
Your serpentine skin is tough. (AC +4)
You have supernaturally acute eyesight. (SInv)
Armour fits poorly on your strangely shaped body.
Your system is resistant to poisons. (rPois)
You cover ground very slowly.
You can spit poison.


Message History

Rupert is engulfed in poison gas.
Rupert looks as sick as possible!
Rupert rages.
Rupert hits you with a +0 great mace of protection.
Rupert is no longer moving slowly.
Rupert hits you with a +0 great mace of protection!!
You block Rupert's attack.
Rupert hits you with a +0 great mace of protection.
Rupert misses you.
Casting: Poisonous Vapours (safe; 1% risk of failure)
Confirm with . or Enter, or press ? or * to list all spells.
Aiming: Poisonous Vapours (safe; 1% risk of failure)
Press: ? - help, Dir - move target, f/p - Rupert
Aim: Rupert, wielding a +0 great mace of protection and wearing a +3 ring mail of willpower (almost dead, berserk, very poisoned) Poisonous vapours surround Rupert!
Rupert looks as sick as possible!
Rupert hits you with a +0 great mace of protection!
* * * LOW HITPOINT WARNING * * *
Rupert is engulfed in poison gas.
Rupert looks as sick as possible!
Rupert misses you.
Rupert hits you with a +0 great mace of protection!!
You die...

#.....J#####.#.>.........#
#...............###.##.#.#
#####....####.#........#.#
#....# ...#..###.#.@.#
#.##.#.####......#.###
#....# ##.#####.# #..###
..#.....#
#...##########.#####
##........@@○..#<#
##.############M#
#..............#
################


You could see Rupert (berserk, extremely poisoned).

Vanquished Creatures
  Kirke (D:14)
  A boulder beetle (D:8)
  2 two-headed ogres
  2 tengu warriors (D:14)
  A deep elf mage (D:13)
  A cyclops (D:14)
  2 manticores
  Joseph (D:8)
  2 centaur skeletons
  3 gargoyles
  A kobold demonologist (D:12)
  A guardian mummy (D:14)
  2 trolls
  A hornet (D:14)
  A meliai zombie (D:13)
  A tarantella (shapeshifter) (D:14)
  2 wyverns
  A hog (D:14)
  3 water elementals (D:14)
  An acid dragon (D:14)
  A hornet zombie (D:9)
  7 ice beasts
  2 black bears
  2 sky beasts
  5 orc warriors
  An eye of draining (D:12)
  A phantom (D:12)
  A necrophage (D:10)
  4 centaurs
  6 ogres
  3 big kobolds
  5 bullfrogs
  A wyvern zombie (D:8)
  4 scorpions
  15 killer bees
  4 wights (D:7)
  9 crimson imps (D:11)
  2 electric eels
  A howler monkey (D:4)
  2 bullfrog zombies
  A centaur zombie (D:12)
  7 orc priests
  4 jellies
  6 hounds
  12 orc wizards
  6 iguanas
  Terence (D:2)
  12 worker ants
  A hound zombie (D:6)
  2 worker ant zombies
  3 gnolls (D:3)
  7 adders
  2 white imps
  An ufetubus (D:9)
  2 oozes
  2 worms
  A dart slug (D:1)
  5 leopard geckos
  43 orcs
  A ball python (D:1)
  11 giant cockroaches
  9 goblins
  6 hobgoblins
  13 jackals
  6 quokkas
  3 bats
  A frilled lizard (D:2)
  13 kobolds
  A leopard gecko zombie (D:5)
  9 rats
297 creatures vanquished.

Vanquished Creatures (others)
  2 humans (D:14)
  24 fungi (D:8)
  20 plants (D:8)
  A withered plant (D:2)
47 creatures vanquished.

Grand Total: 344 creatures vanquished

Notes
Turn   | Place    | Note
-------+----------+-------------------------------------------
     0 | D:1      | OdinFK the Naga Venom Mage began the quest for the Orb.
     0 | D:1      | Reached XP level 1. HP: 15/15 MP: 3/3
   142 | D:1      | Reached XP level 2. HP: 22/22 MP: 3/5
   145 | D:1      | Learned a level 2 spell: Poisonous Vapours
   650 | D:1      | Reached skill level 5 in Poison Magic
   677 | D:1      | Reached XP level 3. HP: 28/28 MP: 4/6
   835 | D:2      | Learned a level 3 spell: Mephitic Cloud
  1059 | D:2      | Found a basalt altar of Yredelemnul.
  1129 | D:2      | Found a hazy altar of Hepliaklqana.
  1421 | D:2      | Noticed Terence
  1491 | D:2      | Killed Terence
  1492 | D:2      | Reached XP level 4. HP: 37/37 MP: 0/7
  1829 | D:3      | Reached skill level 1 in Conjurations
  1848 | D:3      | Reached skill level 1 in Air Magic
  1871 | D:3      | Reached skill level 1 in Fighting
  1871 | D:3      | Reached XP level 5. HP: 44/44 MP: 0/8
  2024 | D:3      | Reached skill level 1 in Evocations
  2172 | D:3      | Reached skill level 5 in Stealth
  2520 | D:3      | Found an opulent altar of Gozag.
  2663 | D:4      | Found Roraeveal's Weapon Emporium.
  2671 | D:4      | Bought a +1 dagger of electrocution for 132 gold pieces
  2890 | D:4      | Reached XP level 6. HP: 51/51 MP: 9/9
  2973 | D:4      | Found a staircase to the Ecumenical Temple.
  2983 | Temple   | Entered the Ecumenical Temple
  2999 | Temple   | Became a worshipper of Cheibriados the Contemplative
  3016 | D:4      | Found an iron altar of Okawaru.
  3124 | D:4      | Found a bloodstained altar of Trog.
  3357 | D:5      | Entered Level 5 of the Dungeon
  3380 | D:5      | Noticed an orc warrior
  4077 | D:5      | Killed an orc warrior
  4078 | D:5      | Reached skill level 1 in Invocations
  4078 | D:5      | Reached XP level 7. HP: 60/60 MP: 5/10
  4083 | D:5      | Learned a level 4 spell: Olgreb's Toxic Radiance
  4464 | D:6      | Reached * piety under Cheibriados
  4647 | D:6      | Found a transporter.
  4649 | D:6      | Noticed a vampire mosquito
  4663 | D:6      | Found a transporter.
  4670 | D:6      | Found a white marble altar of Elyvilon.
  4683 | D:6      | Reached XP level 8. HP: 68/68 MP: 9/11
  4744 | D:6      | Reached skill level 1 in Short Blades
  4758 | D:6      | Reached skill level 1 in Shields
  4834 | D:6      | Found a radiant altar of Vehumet.
  4842 | D:6      | Found a hide-covered altar of Uskayaw.
  5177 | D:7      | Reached ** piety under Cheibriados
  5285 | D:7      | Reached XP level 9. HP: 76/76 MP: 12/12
  5538 | D:8      | Noticed a boulder beetle
  5736 | D:8      | Reached *** piety under Cheibriados
  5753 | D:8      | Noticed a two-headed ogre
  5882 | D:8      | Reached skill level 10 in Poison Magic
  6135 | D:8      | Found a staircase to the Lair.
  6233 | D:8      | Killed a two-headed ogre
  6234 | D:8      | Reached XP level 10. HP: 73/87 MP: 12/13
  6243 | D:8      | Killed a boulder beetle
  6244 | D:8      | Reached skill level 5 in Fighting
  6244 | D:8      | Reached skill level 10 in Stealth
  6358 | D:8      | Reached **** piety under Cheibriados
  6526 | D:8      | Noticed Joseph
  6534 | D:8      | Killed Joseph
  6724 | D:9      | Found a shimmering altar of Xom.
  7180 | D:9      | Reached ***** piety under Cheibriados
  7269 | D:9      | Reached XP level 11. HP: 92/97 MP: 11/14
  7352 | D:9      | Found a runed translucent gate.
  7352 | D:9      | Found a runed translucent gate.
  7352 | D:9      | Found a runed translucent gate.
  7404 | D:9      | Learned a level 3 spell: Ignite Poison
  7466 | D:9      | Found an opulent altar of Gozag.
  7467 | D:9      | Noticed urm's ghost (novice NaWz)
  7468 | D:9      | Noticed a boulder beetle
  7469 | D:9      | Noticed a boulder beetle
  7470 | D:9      | Found Pyodigoj's Assorted Antiques.
  7515 | D:10     | Entered Level 10 of the Dungeon
  8062 | D:10     | Noticed an ice dragon
  8415 | D:11     | You fall into a shaft and drop 1 floor!
  8625 | D:12     | Noticed a six-headed hydra
  8702 | D:12     | Reached skill level 1 in Fire Magic
  8754 | D:12     | Reached skill level 1 in Armour
  8822 | D:12     | Noticed a manticore
  8829 | D:12     | Killed a manticore
  8959 | D:12     | Got a creamy pearl robe
  9078 | D:11     | Noticed a two-headed ogre
  9094 | D:11     | You fall into a shaft and drop 3 floors!
  9100 | D:14     | Noticed a tengu warrior
  9100 | D:14     | Noticed a tengu warrior
  9101 | D:14     | Noticed a cyclops
  9103 | D:15     | Entered Level 15 of the Dungeon
  9126 | D:15     | Noticed a skeletal warrior
  9203 | D:15     | Noticed a skeletal warrior
  9203 | D:15     | Noticed a skeletal warrior
  9269 | D:13     | Found a runed translucent gate.
  9269 | D:13     | Noticed a skeletal warrior
  9269 | D:13     | Noticed a skeletal warrior
  9294 | D:14     | Noticed Kirke
  9304 | D:14     | Killed Kirke
  9507 | D:14     | HP: 3/99 [water elemental (5)]
  9819 | D:14     | Noticed a manticore
  9957 | D:14     | Killed a cyclops
  9958 | D:14     | Reached skill level 5 in Invocations
 10042 | D:14     | Killed a manticore
 10043 | D:14     | Reached XP level 12. HP: 91/106 MP: 11/15
 10090 | D:14     | Noticed a centaur warrior
 10170 | D:14     | Noticed a two-headed ogre
 10178 | D:14     | Killed a two-headed ogre
 10193 | D:14     | Noticed Rupert
 10325 | D:13     | Noticed Frances
 10358 | D:13     | Noticed a ghoul
 10550 | D:14     | Killed a tengu warrior
 10551 | D:14     | Killed a tengu warrior
 10647 | D:14     | Paralysed by Rupert for 3 turns
 10668 | D:14     | Slain by Rupert

Illustrated notes

Levels and vault maps discovered:
D:1:      lemuel_arrival_tunnels, layout_basic
D:2:      layout_loops_cross, yredelemnul_altar_generic, general_overflow_altar,
          uniq_terence
D:3:      layout_loops_corners, nicolae_gozag_seed_capital
D:4:      layout_basic, bloody_trog, okawaru_trees_1,
          minmay_temple_entry_proselytizer, serial_shops, shop
D:5:      layout_layer_cave
D:6:      layout_cave_pools, lemuel_round_altar, kennysheep_mini,
          gammafunk_temple_overflow_arena
D:7:      layout_loops_ring, fountainhead
D:8:      layout_basic, grunt_lair_entry_orc_guard_hut, uniq_joseph
D:9:      layout_basic, nicolae_overflow_hidden_temple, ebering_ghost_gozag
D:10:     layout_irregular_city, lightli_fourway_metalbox
D:11:     layout_irregular_city, minmay_nine_imps
D:12:     layout_irregular_city
D:13:     layout_basic, grunt_vaults_entry_tiered, serial_undead,
          serial_undead_f, serial_undead_c, serial_undead_a, serial_undead_a,
          serial_undead_c, serial_undead_e, serial_undead_b, serial_undead_c,
          gammafunk_ghost_necromancy, uniq_frances
D:14:     layout_basic, uniq_rupert, uniq_azrael, uniq_kirke
D:15:     gammafunk_enter_depths_forms, layout_loops_ring,
          hangedman_abyss_or_decor_jellyfish_corner, small_statue_intersection
Temple:   nicolae_temple_figure_eight

Skill      XL: |  1  2  3  4  5  6  7  8  9 10 11 12 |
---------------+-------------------------------------+-----
Poison Magic   | 5 6 8 11 12 13 | 13.7
Stealth        | 4 5 6 7 8 9 11 12 13 | 13.0
Conjurations   | 1 2 3 4 |  4.0
Air Magic      | 1 2 4 |  4.9
Fighting       | 1 2 3 4 6 7 |  7.2
Evocations     | 1 2 3 4 |  4.8
Dodging        | 2 |  2.0
Invocations    | 1 3 4 5 |  5.8
Short Blades   | 2 3 4 |  4.4
Shields        | 2 4 |  4.0
Transmutations | 2 |  2.0
Fire Magic     | 2 |  2.0
Armour         | 2 |  2.0
Spellcasting   | |  2.0

Action                   |  1- 3 |  4- 6 |  7- 9 | 10-12 || total
-------------------------+-------+-------+-------+-------++-------
Melee: Dagger            |    56 |    34 |   111 |   254 ||   455
 Cast: Sting             |    10 |     1 |       |       ||    11
       Poisonous Vapours |    19 |    76 |    68 |    84 ||   247
       Olgreb's Toxic Ra |       |       |    11 |    50 ||    61
       Mephitic Cloud    |       |       |     1 |     9 ||    10
Invok: Bend Time         |       |       |     1 |     2 ||     3
       Slouch            |       |       |       |     7 ||     7
Evoke: Wand              |       |     1 |       |    22 ||    23
       Phial of floods   |       |       |       |     1 ||     1
  Use: Scroll            |       |     5 |       |    12 ||    17
       Potion            |       |       |       |     1 ||     1
 Stab: Sleeping          |     4 |     6 |    10 |    13 ||    33
       Confused          |       |       |     1 |     3 ||     4
       Distracted        |       |       |       |     1 ||     1
Armor: Robe              |    21 |    14 |    32 |    21 ||    88
       Scale mail        |       |       |       |    90 ||    90
       Acid dragon scale |       |       |       |    37 ||    37
Dodge: Dodged            |    31 |    12 |    39 |   123 ||   205
Block: Buckler           |       |       |    25 |   118 ||   143
